 Dungeon Crawl Stone Soup version 0.13.1-2-gfb2c2b7 (webtiles) character file.

13848 Lilouch the Protected (level 11, -4/90 HPs)
             Began as a Demonspawn Chaos Knight on Dec 9, 2013.
             Was a Plaything of Xom.
             Slain by a four-headed hydra (10 damage)
             ... on Level 3 of the Lair of Beasts.
             The game lasted 01:39:34 (13542 turns).

Lilouch the Protected (Demonspawn Chaos Knight)    Turns: 13542, Time: 01:39:34

HP  -4/90        AC 15     Str 15      XL: 11   Next: 74%
MP   0/29        EV  9     Int 15      God: Xom
Gold 479         SH 20     Dex 14      Spells:  0 memorised, 10 levels left

Res.Fire  : . . .   See Invis. : .   k - +2,+1 spear (chaos)
Res.Cold  : + + .   Warding    : .   T - +0 troll leather armour {Purgy}
Life Prot.: . . .   Conserve   : .   r - +0 shield
Res.Poison: .       Res.Corr.  : .   s - +2 wizard hat
Res.Elec. : .       Clarity    : .   j - +0 dwarf cloak
Sust.Abil.: . .     Spirit.Shd : +   (no gloves)
Res.Mut.  : .       Stasis     : .   (no boots)
Res.Rott. : +       Flight     : .   L - amulet of the gourmand
Gourmand  : +                        u - ring of magical power
                                     h - ring of magical power

@: about to teleport, slow, somewhat resistant to hostile enchantments, very
unstealthy
A: hooves 2, horns 1, cold resistance 2, foul stench 1, +10% hp, saprovore 1,
screaming 1, slowness 1, slow metabolism 1, magic shield, AC +6, Dex +2
a: Renounce Religion


You were on level 3 of the Lair of Beasts.
You worshipped Xom.
You were a plaything of Xom.
You were very full.

You visited 3 branches of the dungeon, and saw 16 of its levels.
You also visited: Sewer.

You collected 459 gold pieces.

Inventory:

Hand weapons
 k - a +2,+1 spear of chaos (weapon)
Missiles
 K - 6 javelins (quivered)
Armour
 j - a +0 dwarven cloak (worn)
 r - a +0 shield (worn)
 s - a +2 wizard hat (worn)
 T - a +0 troll leather armour (worn) {Purgy}
Magical devices
 m - a wand of cold (8) {unknown}
 p - a wand of enslavement (13)
 q - a wand of digging (9) {unknown}
 C - a wand of draining (9)
 Q - a wand of enslavement (13)
 Y - a wand of teleportation (1)
Comestibles
 g - 12 honeycombs
 n - 3 rotting chunks of deep troll flesh
 w - 4 meat rations
 z - a chunk of porcupine flesh
 A - 4 chunks of griffon flesh
Scrolls
 f - a scroll of enchant weapon I {unknown}
 l - a scroll of teleportation
 v - a scroll of curse jewellery {unknown}
 R - a scroll of magic mapping
Jewellery
 b - a +5 ring of strength {unknown}
 d - an uncursed ring of sustain abilities
 h - a ring of magical power (left hand)
 i - an uncursed ring of wizardry
 u - a ring of magical power (right hand)
 y - an uncursed amulet of inaccuracy {unknown}
 L - an amulet of the gourmand (around neck)
Potions
 c - 2 potions of heal wounds
 e - a potion of flight
 o - 2 potions of might
 H - 2 potions of curing
Books
 a - a book of Power

   Spells                             Type                      Level
   Iskenderun's Mystic Blast          Conjuration                  4
   Venom Bolt                         Conjuration/Poison           5
   Bolt of Magma                      Conjuration/Fire/Earth       5
   Fulminant Prism                    Conjuration/Hexes            5
   Iron Shot                          Conjuration/Earth            6
   Orb of Destruction                 Conjuration                  7
Miscellaneous
 x - an ornate deck of defence


   Skills:
 + Level 8.4 Fighting
 - Level 9.9 Polearms
 + Level 11.4 Armour
 - Level 0.8 Dodging
 + Level 5.9 Shields


You had 10 spell levels left.
You didn't know any spells.

Dungeon Overview and Level Annotations

Branches:
Dungeon (10/27)            Temple (1/1) D:4             Orc (0/4) D:9
   Lair (5/8) D:10          Swamp (0/5) Lair:4
 Shoals: Lair:3-6     Snake: Lair:3-6    Spider: Lair:3-6

Altars:
Kikubaaqudgha
Trog
Vehumet
Xom
Zin

Annotations:
D:9 exclusion: ice statue


Innate Abilities, Weirdness & Mutations

You have hoof-like feet.
You are mostly covered in iridescent scales (AC +6).
You emit a foul stench, and are resistant to rotting and decay.
You can tolerate rotten meat.
When hurt, damage is shared between your health and your magic reserves.
You have a pair of small horns on your head.
You are agile. (Dex +2)
Your flesh is very cold resistant.
You are robust (+10% HP).
You occasionally shout uncontrollably.
You cover ground slowly.
You have a slow metabolism.


Message History

The four-headed hydra closely misses you.
The four-headed hydra bites you!
You emit a cloud of foul miasma!
The four-headed hydra bites you!
Read which item? (? for menu, Esc to quit)
As you read the scroll of teleportation, it crumbles to dust.
You feel strangely unstable.
The four-headed hydra is engulfed in dark miasma.
The four-headed hydra bites you but does no damage.
You block the four-headed hydra's attack.
The four-headed hydra bites you.
The four-headed hydra is engulfed in dark miasma.
The four-headed hydra seems to slow down.
The four-headed hydra bites you!
* * * LOW HITPOINT WARNING * * *
The four-headed hydra barely misses you.
The four-headed hydra bites you!
* * * LOW HITPOINT WARNING * * *
The four-headed hydra bites you!
You die...
Xom titters!

......(........#
P...##.f.##.#....
.# ##...#.#.##
##.........#
#..##.....##
#.....##.##
##..#.##.##
##.#......# #
#....@....#.#
....#.f.D##........
......##........(.
...#. #..#.......
.#.# #..#.###.#.
#.....#.. .
...........#
##...../###.#
#.###..# #


You could see a four-headed hydra (berserk).

Vanquished Creatures
  A centaur warrior (D:9)
  The ghost of Lilouch the Fighter, an experienced DsCK of Xom (D:8)
  A deep troll (Lair:4)
  A griffon (Lair:3)
  3 elephants
  A black mamba (shapeshifter) (Lair:4)
  A fire drake (Lair:4)
  A feature mimic (Lair:4)
  Grinder (D:3)
  A queen bee (Lair:4)
  An orb spider (D:8)
  A raven (D:8)
  A baby alligator (Lair:4)
  8 yaks
  A hill giant skeleton (D:9)
  A deep elf fighter (D:10)
  2 hungry ghosts (D:9)
  A steam dragon (D:10)
  A manticore (D:9)
  3 porcupines (Lair:4)
  Purgy (Sewer)
  2 nagas (Lair:4)
  A swamp drake (Lair:4)
  A black bear (D:8)
  4 ice beasts (D:9)
  A sky beast (D:9)
  4 centaurs
  5 ogres
  The ghost of kaisn the Insei, an average DsMo (D:3)
  2 phantoms (D:8)
  8 big kobolds (D:8)
  3 giant slugs
  A water moccasin (D:8)
  4 giant frogs
  2 gnoll sergeants
  A crocodile (D:10)
  An orc warrior (D:7)
  22 killer bees (Lair:4)
  A troll skeleton (D:8)
  A wight (D:9)
  A quasit (D:9)
  A jelly (D:9)
  6 hounds
  5 iguanas
  4 scorpions
  A water moccasin skeleton (D:7)
  5 orc wizards
  Blork the orc (D:4)
  An orange rat (D:8)
  5 orc priests
  9 worker ants
  A crocodile zombie (D:9)
  4 goliath beetles
  2 ogre zombies
  A boggart (Lair:4)
  A hound zombie (D:8)
  2 hound skeletons
  16 adders
  9 gnolls
  5 green rats
  A giant centipede (Lair:4)
  3 giant mites
  3 worms
  An adder zombie (D:5)
  6 grey rats
  7 giant geckos
  2 oozes
  25 orcs
  3 giant cockroaches
  4 goblins
  11 hobgoblins
  A quokka (Lair:5)
  A ball python (Lair:4)
  34 bats
  4 giant newts
  2 giant spores
  12 jackals
  16 kobolds
  2 kobold skeletons
  23 rats
  A rat zombie (D:5)
  8 ballistomycetes
348 creatures vanquished.

Vanquished Creatures (collateral kills)
  An elephant (Lair:4)
  A basilisk (Lair:4)
  A hill giant zombie (D:7)
  An orc priest (D:4)
  An iguana (Lair:5)
  An orc (D:9)
6 creatures vanquished.

Vanquished Creatures (others)
  An elephant (Lair:4)
  2 spiny frogs (Lair:4)
  A yak (Lair:4)
  A neqoxec (Lair:4)
  An ugly thing (D:9)
  A porcupine (Lair:4)
  A big kobold (D:8)
  A giant frog (D:9)
  A killer bee (Lair:4)
  An iron imp (Lair:4)
  An adder (Lair:4)
  A lemure (D:9)
  A white imp (Lair:4)
  A shadow imp (D:9)
  An ufetubus (D:9)
  An orc zombie (D:9)
  An orc (D:4)
  A giant spore (D:9)
  3 fungi
  A plant (Lair:4)
23 creatures vanquished.

Grand Total: 377 creatures vanquished

Notes
Turn   | Place    | Note
--------------------------------------------------------------
     0 | D:1      | Lilouch, the Demonspawn Chaos Knight, began the quest for the Orb.
     0 | D:1      | Reached XP level 1. HP: 16/16 MP: 1/1
   149 | D:1      | Gained mutation: You have large cloven feet. [demonic ancestry]
   149 | D:1      | Reached XP level 2. HP: 9/22 MP: 2/2
   676 | D:1      | You fall through a shaft!
   775 | D:2      | XOM: colour smoke trail
   817 | D:2      | XOM: chaos upgrade
   857 | D:1      | XOM: 2-stop teleportation journey
   876 | D:1      | XOM: enchant monster (good)
   942 | D:2      | XOM: blink monster(s)
   943 | D:2      | XOM: silly message
   945 | D:2      | Reached XP level 3. HP: 28/28 MP: 3/3
  1199 | D:1      | XOM: give mutation
  1199 | D:1      | Gained mutation: You cover ground slowly. [Xom's mischief]
  1344 | D:2      | XOM: silly message
  1459 | D:2      | XOM: 3-stop teleportation journey
  1641 | D:2      | XOM: enchant monster (bad)
  1647 | D:2      | Gained mutation: When hurt, damage is shared between your health and your magic reserves. [demonic ancestry]
  1647 | D:2      | Reached XP level 4. HP: 21/34 MP: 4/4
  1904 | D:2      | XOM: give mutations
  1904 | D:2      | Gained mutation: You occasionally shout uncontrollably. [Xom's mischief]
  1904 | D:2      | Gained mutation: Your body is slowly deteriorating. [Xom's mischief]
  2137 | D:2      | XOM: severe Divn miscast
  2188 | D:2      | XOM: silly message
  2284 | D:3      | Noticed kaisn's ghost (average DsMo)
  2308 | D:3      | XOM: divination: detect creatures
  2359 | D:3      | Killed kaisn's ghost
  2359 | D:3      | Reached skill level 4 in Fighting
  2359 | D:3      | Gained mutation: You are partially covered in iridescent scales (AC +4). [demonic ancestry]
  2359 | D:3      | Reached XP level 5. HP: 17/40 MP: 3/5
  2430 | D:3      | Found an ancient bone altar of Kikubaaqudgha.
  2446 | D:3      | Noticed Grinder
  2450 | D:3      | Paralysed by Grinder for 4 turns
  2455 | D:3      | XOM: harmless Pois miscast
  2467 | D:3      | Killed Grinder
  2467 | D:3      | Gained mutation: You can tolerate rotten meat. [demonic ancestry]
  2467 | D:3      | Reached XP level 6. HP: 29/47 MP: 6/6
  2597 | D:3      | Reached skill level 5 in Fighting
  2819 | D:3      | XOM: give mutations
  2819 | D:3      | Lost mutation: You cover ground slowly. [Xom's mischief]
  2819 | D:3      | Lost mutation: Your body is slowly deteriorating. [Xom's mischief]
  2819 | D:3      | Gained mutation: You sometimes yell uncontrollably. [Xom's mischief]
  2819 | D:3      | Gained mutation: Your flesh is cold resistant. [Xom's mischief]
  2924 | D:3      | XOM: give mutations
  2924 | D:3      | Gained mutation: You are robust (+10% HP). [Xom's grace]
  2924 | D:3      | Gained mutation: You have a slow metabolism. [Xom's grace]
  3171 | D:3      | You fall through a shaft!
  3171 | D:5      | Entered Level 5 of the Dungeon
  3459 | D:5      | Reached XP level 7. HP: 58/58 MP: 7/7
  3534 | D:5      | XOM: severe Trmt miscast
  3542 | D:5      | Reached skill level 5 in Polearms
  3554 | D:5      | Lost mutation: You have a slow metabolism. [mutagenic glow]
  3555 | D:5      | Found a glowing drain.
  3570 | D:5      | Gained mutation: You frequently scream uncontrollably. [mutagenic glow]
  3583 | Sewer    | Entered a sewer
  3627 | Sewer    | Gained mutation: Armour fits poorly on your strangely shaped body. [mutagenic glow]
  3634 | Sewer    | Noticed Purgy
  3636 | Sewer    | XOM: potion effect (heal wounds)
  3650 | Sewer    | Killed Purgy
  3670 | Sewer    | Gained mutation: You cover ground slowly. [mutagenic glow]
  3678 | Sewer    | XOM: medium Pois miscast
  3709 | Sewer    | XOM: cast spell 'Necromutation'
  3796 | Sewer    | XOM: harmless Tloc miscast
  3967 | D:4      | Noticed Blork the orc
  3984 | D:4      | Killed Blork the orc
  4054 | D:4      | Found a staircase to the Ecumenical Temple.
  4072 | Temple   | Entered the Ecumenical Temple
  4151 | D:4      | Found a shimmering altar of Xom.
  4170 | D:4      | Reached skill level 5 in Armour
  4826 | D:4      | XOM: cast spell 'Dispersal'
  4831 | D:4      | XOM: potion effect (berserk)
  4993 | D:5      | XOM: draining
  5369 | D:5      | XOM: medium Trmt miscast
  5596 | D:6      | XOM: cast spell 'Stoneskin'
  5661 | D:5      | Reached skill level 6 in Polearms
  5675 | D:5      | Gained mutation: You emit a foul stench, and are resistant to rotting and decay. [demonic ancestry]
  5675 | D:5      | Reached XP level 8. HP: 37/66 MP: 8/8
  5707 | D:5      | XOM: harmless Fire miscast
  5856 | D:5      | XOM: harmless Divn miscast
  6192 | D:5      | Found a bloodstained altar of Trog.
  6413 | D:7      | XOM: cast spell 'Blink'
  6505 | D:6      | XOM: silly message
  6557 | D:7      | XOM: potion effect (speed)
  6566 | D:7      | XOM: summons friendly red devil
  6948 | D:7      | Reached skill level 7 in Polearms
  7408 | D:8      | XOM: 6-stop teleportation journey
  7424 | D:8      | XOM: vitrification
  7542 | D:8      | Gained mutation: You are mostly covered in iridescent scales (AC +6). [demonic ancestry]
  7542 | D:8      | Reached XP level 9. HP: 67/71 MP: 9/9
  7543 | D:8      | Noticed Lilouch's ghost (experienced DsCK)
  7543 | D:8      | XOM: swap monsters
  7544 | D:8      | XOM: mild Hex miscast
  7556 | D:8      | XOM: 3-stop teleportation journey
  7717 | D:8      | XOM: noise
  7881 | D:8      | XOM: god gift: 3 pieces of ambrosia
  7935 | D:8      | XOM: swap monsters
  7956 | D:8      | Reached skill level 8 in Polearms
  7990 | D:8      | XOM: confuse monster(s)
  8027 | D:8      | Killed Lilouch's ghost
  8116 | D:8      | XOM: god gift: wand of frost {god gift}
  8133 | D:8      | XOM: enchant monster (good)
  8148 | D:8      | XOM: polymorph giant frog -> orb spider
  8153 | D:8      | XOM: enchant monster (good)
  8157 | D:8      | XOM: silly message
  8158 | D:8      | XOM: potion effect (heal wounds)
  8159 | D:8      | XOM: potion effect (invisibility)
  8313 | D:8      | XOM: colour smoke trail
  8364 | D:8      | XOM: noise
  8368 | D:8      | Reached skill level 9 in Polearms
  8369 | D:8      | XOM: summons friendly quasit
  8443 | D:8      | Reached XP level 10. HP: 79/79 MP: 10/10
  8571 | D:8      | XOM: medium Trmt miscast
  9004 | D:9      | XOM: potion effect (brilliance)
  9043 | D:9      | Found a staircase to the Orcish Mines.
  9153 | D:9      | XOM: god gift: brass wand {god gift}
  9216 | D:9      | Noticed a centaur warrior
  9217 | D:9      | XOM: 4-stop teleportation journey
  9303 | D:9      | Noticed an ice statue
  9331 | D:9      | XOM: potion effect (brilliance)
  9341 | D:9      | XOM: 3-stop teleportation journey
  9432 | D:9      | XOM: enchant monster (bad)
  9541 | D:9      | XOM: summons 3 friendly demons
  9584 | D:9      | Lost mutation: You frequently scream uncontrollably. [potion of cure mutation]
  9584 | D:9      | Lost mutation: Armour fits poorly on your strangely shaped body. [potion of cure mutation]
  9584 | D:9      | Lost mutation: You sometimes yell uncontrollably. [potion of cure mutation]
  9584 | D:9      | Lost mutation: You are robust (+10% HP). [potion of cure mutation]
  9608 | D:9      | Noticed an eight-headed hydra
  9620 | D:9      | XOM: noise
  9641 | D:9      | XOM: summons friendly lemure
  9657 | D:9      | Reached skill level 1 in Shields
  9707 | D:9      | Reached skill level 10 in Armour
  9833 | D:9      | XOM: 2-stop teleportation journey
  9848 | D:9      | XOM: divination: magic mapping
  9869 | D:9      | Got a pitted sling
 10014 | D:9      | Killed a centaur warrior
 10018 | D:9      | XOM: confuse monster(s)
 10033 | D:9      | XOM: blink monster(s)
 10049 | D:9      | XOM: cast spell 'Summon Ugly Thing'
 10075 | D:9      | XOM: blink monster(s)
 10089 | D:9      | XOM: noise
 10265 | D:9      | XOM: mild Trmt miscast
 10443 | D:9      | XOM: summons 3 friendly demons
 10446 | D:9      | Noticed a catoblepas
 10446 | D:9      | an eight-headed hydra changed into a catoblepas
 10698 | D:9      | XOM: noise
 10763 | D:9      | XOM: inner flame monster(s)
 10876 | D:10     | Entered Level 10 of the Dungeon
 10942 | D:10     | XOM: cast spell 'Beastly Appendage'
 10968 | D:10     | XOM: enchant monster (bad)
 11169 | D:10     | Found a staircase to the Lair.
 11183 | Lair:1   | Entered Level 1 of the Lair of Beasts
 11298 | Lair:1   | You fall through a shaft!
 11365 | Lair:2   | You fall through a shaft!
 11397 | Lair:4   | XOM: noise
 11433 | Lair:4   | Reached XP level 11. HP: 76/80 MP: 11/11
 11488 | Lair:4   | Found a staircase to the Swamp.
 11559 | Lair:4   | XOM: enchant monster (good)
 11736 | Lair:4   | Noticed an elephant
 11736 | Lair:4   | XOM: confuse monster(s)
 11749 | Lair:4   | Noticed an elephant
 11749 | Lair:4   | Noticed an elephant
 11749 | Lair:4   | XOM: divination: detect items
 11750 | Lair:4   | Noticed an elephant
 11750 | Lair:4   | Noticed an elephant
 11751 | Lair:4   | Noticed an elephant
 11774 | Lair:4   | XOM: cast spell 'Confusing Touch'
 11777 | Lair:4   | XOM: inner flame monster(s)
 11778 | Lair:4   | XOM: summons friendly iron imp
 11786 | Lair:4   | XOM: confuse monster(s)
 11793 | Lair:5   | Killed an elephant
 11832 | Lair:5   | XOM: give mutations
 11832 | Lair:5   | Gained mutation: You have a pair of small horns on your head. [Xom's grace]
 11832 | Lair:5   | Gained mutation: You are robust (+10% HP). [Xom's grace]
 11941 | Lair:5   | XOM: 2-stop teleportation journey
 12020 | Lair:4   | Found a staircase to the Snake Pit.
 12046 | Lair:4   | XOM: swap monsters
 12142 | Lair:4   | XOM: inner flame monster(s)
 12393 | Lair:4   | XOM: give mutations
 12393 | Lair:4   | Gained mutation: You have supernaturally acute eyesight. [Xom's grace]
 12393 | Lair:4   | Gained mutation: You have hoof-like feet. [Xom's grace]
 12393 | Lair:4   | Gained mutation: You are agile. (Dex +2) [Xom's grace]
 12393 | Lair:4   | Gained mutation: You have a slow metabolism. [Xom's grace]
 12440 | Lair:4   | XOM: potion effect (invisibility)
 12442 | Lair:4   | XOM: polymorph killer bee -> giant mite
 12542 | Lair:4   | XOM: polymorph killer bee -> boggart
 12569 | Lair:4   | XOM: inner flame monster(s)
 12619 | Lair:4   | XOM: confuse monster(s)
 12722 | Lair:4   | XOM: enchant monster (good)
 12759 | Lair:4   | XOM: swap monsters
 12783 | Lair:4   | Reached skill level 11 in Armour
 12795 | Lair:4   | the staircase to the Snake Pit was a mimic.
 12822 | Lair:4   | XOM: divine lightning
 12846 | Lair:4   | Reached skill level 5 in Shields
 12847 | Lair:4   | XOM: 4-stop teleportation journey
 13032 | Lair:4   | Killed an elephant
 13032 | Lair:4   | XOM: divine lightning (protected)
 13037 | Lair:4   | XOM: summons friendly neqoxec
 13041 | Lair:4   | XOM: inner flame monster(s)
 13053 | Lair:4   | Killed an elephant
 13060 | Lair:4   | Killed an elephant
 13152 | Lair:4   | Noticed an unseen horror
 13152 | Lair:4   | a fire drake changed into an unseen horror
 13155 | Lair:4   | an unseen horror changed into a black mamba
 13218 | Lair:4   | Killed an elephant
 13298 | Lair:4   | XOM: summons friendly white imp
 13304 | Lair:4   | Noticed a deep troll
 13304 | Lair:4   | an elephant changed into a deep troll
 13304 | Lair:4   | XOM: polymorph elephant -> deep troll
 13306 | Lair:4   | XOM: noise
 13313 | Lair:4   | Killed a deep troll
 13357 | Lair:4   | XOM: give mutations
 13357 | Lair:4   | Gained mutation: Your flesh is very cold resistant. [Xom's mischief]
 13357 | Lair:4   | Lost mutation: You have supernaturally acute eyesight. [Xom's mischief]
 13389 | Lair:4   | XOM: god gift: ornate deck of cards {god gift}
 13416 | Lair:4   | XOM: divination: detect creatures
 13434 | Lair:3   | XOM: enchant monster (bad)
 13435 | Lair:3   | XOM: blink monster(s)
 13440 | Lair:3   | XOM: polymorph iguana -> worker ant
 13448 | Lair:3   | XOM: medium Erth miscast
 13535 | Lair:3   | Noticed a four-headed hydra
 13542 | Lair:3   | Slain by a four-headed hydra

Action                   |  1- 3 |  4- 6 |  7- 9 | 10-12 || total
-------------------------+-------+-------+-------+-------++-------
Melee: Spear             |    76 |   192 |   727 |  1113 ||  2108
Throw: Javelin           |       |       |     1 |     1 ||     2
Evoke: Wand              |       |       |     3 |     4 ||     7
  Use: Potion            |     1 |     2 |     1 |    14 ||    18
       Scroll            |       |     4 |     9 |    14 ||    27
 Stab: Confused          |       |     3 |     5 |     8 ||    16
       Paralysed         |       |     1 |    33 |    19 ||    53
       Petrified         |       |       |     4 |     2 ||     6
       Petrifying        |       |       |     2 |     3 ||     5
       Invisible         |       |       |     1 |     1 ||     2
       Distracted        |       |       |       |     2 ||     2
       Fleeing           |       |       |       |     1 ||     1
